Cogmind - Beta 12 X1 @@@ ROGUE MODE // 2022.07.11 @ 10:01:18 Player: Cyurio Result: Destroyed by as-35420 with Assembled Heavy Rifle Performance ------------- Evolutions (0) 0 Regions Visited (4) 800 Robots Destroyed (9) 45 Value Destroyed (162) 162 Prototype IDs (0) 0 Alien Tech Used (0) 0 Bonus (-63) -63 TOTAL SCORE: 944 Bonus ------- Follower Combat Kills 14 Friendly Fire -77 Cogmind --------- Core Integrity 0/250 Matter 205/300 Energy 100/100 System Corruption 0% Temperature Cool (0) Movement Walking (190) Ox1 Location -9/Mines Parts ------- > --- POWER (1) -------- (None) > --- PROPULSION (2) --- Aluminum Leg Aluminum Leg > --- UTILITY (2) ------ Large Storage Unit Improved Targeting Computer > --- WEAPON (2) ------- Light Assault Rifle > --- INVENTORY (15) --- Ion Engine Light Treads Light Treads Wheel VTOL Module VTOL Module VTOL Module VTOL Module Terrain Scanner Improved Targeting Computer Improved Targeting Computer Light Assault Rifle Light Assault Rifle Peak State ------------ > --- POWER ------------ Ion Engine > --- PROPULSION ------- Wheel Compact Wheel > --- UTILITY ---------- Large Storage Unit Improved Targeting Computer > --- WEAPON ----------- Assault Rifle Light Assault Rifle > --- INVENTORY -------- Ion Engine Light Treads Light Treads Aluminum Leg Aluminum Leg VTOL Module VTOL Module VTOL Module VTOL Module Terrain Scanner Improved Targeting Computer Improved Targeting Computer Light Assault Rifle Grenade Launcher [Rating: 10] Favorites ----------- Power Ion Engine Engine Ion Engine Propulsion Compact Wheel Leg Aluminum Leg Wheel Compact Wheel Utility Improved Targeting Computer Device Terrain Scanner Storage Large Storage Unit Processor Improved Targeting Computer Weapon Light Assault Rifle Ballistic Gun Light Assault Rifle Launcher Grenade Launcher Build | -11 -10 -10 -10 -9 ------- Run | Scr Mat Min Exi Min Slots Evolved . | . . . . . Power . | . . . . . Propulsion . | . . . . . Utility . | . . . . . Weapon . | . . . . . Parts Attached 13 | . 8 1 . 4 Power . | . . . . . Engine . | . . . . . Core . | . . . . . Reactor . | . . . . . Propulsion 6 | . 4 . . 2 Treads . | . . . . . Leg 3 | . 1 . . 2 Wheel 3 | . 3 . . . Hover . | . . . . . Flight . | . . . . . Utility 3 | . 3 . . . Device 1 | . 1 . . . Storage 1 | . 1 . . . Processor 1 | . 1 . . . Hackware . | . . . . . Protection . | . . . . . Artifact . | . . . . . Weapon 4 | . 1 1 . 2 Energy Gun . | . . . . . Energy Cannon . | . . . . . Ballistic Gun 3 | . 1 1 . 1 Ballistic Cannon . | . . . . . Launcher 1 | . . . . 1 Special Weapon . | . . . . . Impact Weapon . | . . . . . Slashing Weapon . | . . . . . Piercing Weapon . | . . . . . Special Melee Weapon . | . . . . . Unidentified Prototypes . | . . . . . Parts Lost 5 | . . . . 5 Power 1 | . . . . 1 Propulsion 2 | . . . . 2 Utility . | . . . . . Weapon 2 | . . . . 2 Highest Loss Streak 5 | . . . . 5 To Critical Strikes 1 | . . . . 1 Average Slot Usage (%) 98 | . 99 100 100 90 Engine 14 | . 14 14 14 14 Leg 5 | . 15 . . 3 Wheel 21 | . 12 28 28 21 Storage 14 | . 14 14 14 14 Processor 13 | . 12 14 14 14 Ballistic Gun 27 | . 28 28 28 18 Naked Turns . | . . . . . Heaviest Build 29 | 12 28 28 27 29 Greatest Support 26 | 20 26 26 26 26 Greatest Overweight (x) 2 | . 1 1 1 2 Average Overweight (x) . | . . 1 1 . Largest Inventory Capacity 15 | . 15 15 15 15 Average Capacity 13 | . 11 15 15 15 Most Carried 15 | . 15 15 15 15 Average Carried 12 | . 9 15 15 14 Final Capacity 15 | 8 15 15 15 15 Final Carried 15 | 6 15 15 15 13 Class Distribution -------------------- 100% | Mutant Dominant Class ---------------- Mutant | -10/Materials Mutant | -10/Mines Mutant | -10/Exiles Mutant | -9/Mines Resources | -11 -10 -10 -10 -9 ----------- Run | Scr Mat Min Exi Min Matter Collected 355 | 176 148 21 . 10 Remotely . | . . . . . Salvage Created 241 | . 193 14 . 34 Parts 23 | . 20 3 . . Haulers Intercepted . | . . . . . Recyclers Shooed . | . . . . . Parts Field Recycled . | . . . . . Retrieved Matter . | . . . . . Parts Self-Destructed . | . . . . . Prevented . | . . . . . Kills | -11 -10 -10 -10 -9 ------- Run | Scr Mat Min Exi Min Combat Hostiles Destroyed 21 | . 8 1 . 12 Guns 9 | . 8 1 . . AOE 12 | . . . . 12 Classes Destroyed 3 | . 2 . . 1 Swarmer 6 | . 5 1 . . Grunt 3 | . 3 . . . Assembled 12 | . . . . 12 Best Kill Streak 12 | . 3 1 . 12 Combat Bots Only 12 | . 3 1 . 12 Max Kills in Single Turn 4 | . 1 1 . 4 Gunslinging . | . . . . . Exploded 4 | . . . . 4 Melee . | . . . . . Uniques/NPCs Destroyed . | . . . . . Combat | -11 -10 -10 -10 -9 -------- Run | Scr Mat Min Exi Min Damage Taken 754 | . 130 37 . 587 Core 250 | . 30 21 . 199 Absorbed by Shields . | . . . . . Core Remaining (%) 100 | 100 . . . . Volleys Fired 36 | . 17 4 . 15 Largest 2 | . 2 2 . 2 Hottest 40 | . 40 40 . 40 Shots Fired 64 | . 34 8 . 22 Gun 57 | . 34 8 . 15 Cannon . | . . . . . Launcher 7 | . . . . 7 Special . | . . . . . Kinetic 57 | . 34 8 . 15 Thermal . | . . . . . Explosive 7 | . . . . 7 Electromagnetic . | . . . . . Robot Hit Streak 10 | . 10 5 . 3 Robot Miss Streak 5 | . 5 2 . 3 Penetration Max . | . . . . . Secondary Targets 1 | . . 1 . . Max Gunslinging Chain 1 | . . 1 . . Shots Hit Robots 37 | . 22 5 . 10 Core Hits 45 | . 14 2 . 29 Critical Kills . | . . . . . Critical Parts Destroyed . | . . . . . Critical Strikes . | . . . . . Melee Attacks . | . . . . . Impact . | . . . . . Slashing . | . . . . . Piercing . | . . . . . Sneak Attacks . | . . . . . Combat Hostiles . | . . . . . Follow-up Attacks . | . . . . . Damage Inflicted 1097 | . 194 64 . 839 Guns 316 | . 194 64 . 58 Cannons . | . . . . . Explosions 781 | . . . . 781 Melee . | . . . . . Ramming . | . . . . . Kinetic 316 | . 194 64 . 58 Thermal . | . . . . . Explosive 781 | . . . . 781 Electromagnetic . | . . . . . Impact . | . . . . . Slashing . | . . . . . Piercing . | . . . . . Highest Corruption . | . . . . . Average Corruption . | . . . . . Corruption Purged . | . . . . . Corruption Blocked . | . . . . . Overload Shots . | . . . . . Overflow Damage . | . . . . . Projectiles . | . . . . . Explosions . | . . . . . Melee . | . . . . . Knockbacks . | . . . . . Impact . | . . . . . Kinetic . | . . . . . Secondary . | . . . . . Self-Inflicted Damage . | . . . . . Shots . | . . . . . Rammed . | . . . . . Targets Rammed . | . . . . . Kicked . | . . . . . Crushed . | . . . . . Highest Temperature 6 | . 6 . . . Average Temperature 6 | . 6 . . . Received Heat Transfer 42 | . 36 6 . . Siege Activations . | . . . . . Robots Corrupted . | . . . . . Combat Hostiles . | . . . . . Parts Fried . | . . . . . Impact Corruptions . | . . . . . Robots Melted . | . . . . . Combat Hostiles . | . . . . . Parts Melted . | . . . . . Heat Transferred . | . . . . . Parts Sabotaged . | . . . . . Parts Stolen . | . . . . . Parts Stripped . | . . . . . Power Chain Reactions . | . . . . . Missiles Intercepted . | . . . . . Alert | -11 -10 -10 -10 -9 ------- Run | Scr Mat Min Exi Min Peak Influence 290 | . 290 230 . 78 Initial 112 | . . 112 . . Average 134 | . 134 155 . 56 Maximum Alert Level 1 | . 1 1 . . Low Security (%) 75 | . 80 62 . 100 Level 1 24 | . 19 37 . . Level 2 . | . . . . . Level 3 . | . . . . . Level 4 . | . . . . . Level 5 . | . . . . . High Security . | . . . . . Max Security . | . . . . . Squads Dispatched 2 | . 2 . . . Investigation . | . . . . . Extermination . | . . . . . Reinforcement 2 | . 2 . . . Assault . | . . . . . Garrison . | . . . . . Intercept . | . . . . . Searches Triggered . | . . . . . Construction Impeded . | . . . . . Haulers Reinforced . | . . . . . Active Scanning Responses . | . . . . . Cargo Convoy Interrupts . | . . . . . Stealth | -11 -10 -10 -10 -9 --------- Run | Scr Mat Min Exi Min Distress Signals 2 | . 2 . . . Communications Jammed . | . . . . . Distress Signals . | . . . . . Times Spotted 40 | . 14 4 . 22 Peak Tracking Total 14 | . 3 3 . 14 Tactical Retreats 4 | . 1 1 . 2 Traps | -11 -10 -10 -10 -9 ------- Run | Scr Mat Min Exi Min Traps Triggered . | . . . . . Indirectly . | . . . . . Trap Hack Attempts . | . . . . . Triggered . | . . . . . Disarmed . | . . . . . Reprogrammed . | . . . . . Reused . | . . . . . Traps Extracted . | . . . . . Installed . | . . . . . Triggered . | . . . . . Machines | -11 -10 -10 -10 -9 ---------- Run | Scr Mat Min Exi Min Machines Disabled . | . . . . . Max in Single Turn . | . . . . . Machines Sabotaged . | . . . . . Garrisons Compromised . | . . . . . Overloaded Fab Kills . | . . . . . Hacking | -11 -10 -10 -10 -9 --------- Run | Scr Mat Min Exi Min Machines Accessed 1 | . . . 1 . Terminals . | . . . . . Fabricators . | . . . . . Repair Stations . | . . . . . Recycling Units . | . . . . . Scanalyzers . | . . . . . Garrison Access . | . . . . . Total Hacks 1 | . . . 1 . Successful 1 | . . . 1 . Failed . | . . . . . Catastrophic . | . . . . . Database Lockouts . | . . . . . Manual . | . . . . . Terminals . | . . . . . Fabricators . | . . . . . Repair Stations . | . . . . . Recycling Units . | . . . . . Scanalyzers . | . . . . . Garrison Access . | . . . . . Terminal Hacks 1 | . . . 1 . Record 1 | . . . 1 . Fabricator Hacks . | . . . . . Repair Station Hacks . | . . . . . Recycling Unit Hacks . | . . . . . Scanalyzer . | . . . . . Garrison Access Hacks . | . . . . . Unauthorized Hacks . | . . . . . Terminals . | . . . . . Fabricators . | . . . . . Repair Stations . | . . . . . Recycling Units . | . . . . . Scanalyzers . | . . . . . Garrison Access . | . . . . . Data Cores Recovered . | . . . . . Used . | . . . . . Hacking Detections . | . . . . . Full Trace Events . | . . . . . Feedback Events . | . . . . . Feedback Blocked . | . . . . . Robot Schematics Acquired . | . . . . . Robots Built . | . . . . . Authchips . | . . . . . Time . | . . . . . Total Robot Build Rating . | . . . . . Part Schematics Acquired . | . . . . . Parts Built . | . . . . . Authchips . | . . . . . Time . | . . . . . Total Part Build Rating . | . . . . . Parts Repaired . | . . . . . Time . | . . . . . Parts Recycled . | . . . . . Recycled Matter . | . . . . . Retrieved Matter . | . . . . . Retrieved Components . | . . . . . Parts Scanalyzed . | . . . . . Part Schematics Acquired . | . . . . . Parts Damaged . | . . . . . Bothacking | -11 -10 -10 -10 -9 ------------ Run | Scr Mat Min Exi Min Used RIF Installer . | . . . . . Robots Hacked . | . . . . . Non-combat . | . . . . . Combat . | . . . . . Robot Hacks Applied . | . . . . . Relay Couplers Released . | . . . . . Fabnet Peak Effective % . | . . . . . Robots Rewired . | . . . . . Allies Hacked . | . . . . . Hacks Repelled . | . . . . . Allies | -11 -10 -10 -10 -9 -------- Run | Scr Mat Min Exi Min Total Allies 4 | . . 4 . . Largest Group 4 | . . 4 4 . Highest-Rated Group 71 | . . 71 71 . Highest-Rated Ally 31 | . . 31 31 . Total Orders . | . . . . . Ally Attacks 11 | . . 11 . . Total Damage 102 | . . 102 . . Kills 2 | . . 2 . . Allies Corrupted . | . . . . . Allies Melted . | . . . . . Intel | -11 -10 -10 -10 -9 ------- Run | Scr Mat Min Exi Min Robot Analysis Total . | . . . . . Derelict Logs Recovered 1 | . . 1 . . Drone Launches . | . . . . . Drone Recoveries . | . . . . . Exploration | -11 -10 -10 -10 -9 ------------- Run | Scr Mat Min Exi Min Turns Passed 1064 | . 391 331 254 88 Spaces Moved 819 | 1 255 275 242 46 Core . | . . . . . Treads . | . . . . . Legs 130 | 1 127 . . 2 Wheels 689 | . 128 275 242 44 Hover . | . . . . . Flight . | . . . . . Fastest Speed 90 | 120 105 105 105 90 Average Speed 107 | 120 113 105 105 99 Slowest Speed 190 | 120 120 105 105 190 Overloaded Moves . | . . . . . Propulsion Burnouts . | . . . . . Robots Hopped . | . . . . . Cave-ins Triggered . | . . . . . Exploration Rate (%) 32 | 2 27 54 61 20 Regions Visited 4 Branch Regions 3 Pre-discovered Areas . | . . . . . Known Exits Taken . | . . . . . Unknown Exits Taken 4 | 1 1 1 1 . Scrap Searched . | . . . . . Spaces Dug . | . . . . . Terrain Destroyed 43 | . . . . 43 Melee . | . . . . . Projectile . | . . . . . AOE 43 | . . . . 43 Terrain Rammed . | . . . . . Walls Destroyed . | . . . . . Machines Disabled . | . . . . . Actions | -11 -10 -10 -10 -9 --------- Run | Scr Mat Min Exi Min Total 948 | . 329 310 241 68 Wait 67 | . 35 30 . 2 Move 815 | . 254 274 241 46 Hop . | . . . . . Pick Up 10 | . 9 . . 1 Fast Attach 3 | . 2 1 . . Attach 3 | . . . . 3 Detach 1 | . 1 . . . Swap 7 | . 6 . . 1 Drop 6 | . 5 1 . . Fire 36 | . 17 4 . 15 Melee . | . . . . . Ram . | . . . . . Kick . | . . . . . Crush . | . . . . . Escape Stasis . | . . . . . Rewire . | . . . . . Trap . | . . . . . Miscellaneous . | . . . . . Route ------- -11/Scrapyard -10/Materials -10/Mines (discovered 2 exits: *Mat / *Exi) -10/Exiles -9/Mines History --------- Turn | Location | Event 1 | -11/Scrapyard | Discovered new exit (range 0) 1 | -11/Scrapyard | Entered Materials 180 | -10/Materials | Discovered new exit (range 15) 313 | -10/Materials | Build established: Mutant 392 | -10/Materials | Entered Mines 398 | -10/Mines | Identified exit to Materials 457 | -10/Mines | Assisted by bots powering up and referring to "LRC-V3" 535 | -10/Mines | Received a Mining Laser from a helpful Derelict 705 | -10/Mines | Deemed a non-threat by the Exiles lab entrance 706 | -10/Mines | Discovered new exit (range 5) 723 | -10/Mines | Entered Exiles 723 | -10/Exiles | Found Exiles lab abandoned 723 | -10/Exiles | Accompanied by 4 allies 968 | -10/Exiles | Discovered new exit (range 10) 977 | -10/Exiles | Entered Mines 978 | -9/Mines | Assembled infested the area 1017 | -9/Mines | Destroyed 12 combat bots 1037 | -9/Mines | Core integrity fell below 50% 1051 | -9/Mines | Core integrity fell below 20% 1065 | -9/Mines | Destroyed by as-35420 with Assembled Heavy Rifle Last Messages --------------- 00988_ as-64836 destroyed. 00989_ as-57483 destroyed. 00989_ as-48158 destroyed. 00989_ as-63514 destroyed. 00991_ as-43256 destroyed. 00992_ The unstable cave ceiling collapses. 00993_ as-66782 destroyed. 00995_ 8G-V0U(g) destroyed. 00996_ as-06221 destroyed. 00999_ The unstable cave ceiling collapses. 01006_ Grenade Launcher destroyed. 01031_ Critical hit (Destroy). 01031_ Com. Wheel destroyed. 01038_ T-07 Excavator destroyed. 01055_ Wheel destroyed. 01057_ Lgt. Assault Rifle destroyed. 01057_ Acquired 10 matter. 01060_ as-42178 destroyed. 01061_ Acquired Wheel. 01064_ Ion Engine destroyed. Map ----- +----------------------------------------------------+ | | | | | | | | | | | | | | | | | | | | | ?????????????????????????????????????????????????? | | ????????????????????????????????####?????????????? | | ??????????????????????????????### ####??????????? | | ?????????????????????????????## ##?????????? | | ?????????????????????????????# #####?????? | | ?????????????????????????????# #?????? | | ?????????????????????????????## a ### #?????? | | ??????????????????????????????## ##?# #?????? | | ??????????????????????????###### #??# #?????? | | ?????????????????????????## ## % #??# #?????? | | ???????????????????#?????# ##??# #?????? | | ???????????????????# ???## ##???# #?????? | | ???????????????????# ### ##???## #?????? | | ??????????????????## ! ####??### #?????? | | ?????????????????## ! ##????## #?????? | | ?????????????????# @ ##????## #?????? | | ?????????????????# ####?????# ##????? | | ????????????????# a ##????????# #????? | | ????????????? ##????????## ##???? | | ??????????? # #????????### ##??? | | ????????????### ## ????????## #??? | | ??????????????## #?# ????????# #??? | | ???????????????###??# ????????# #??? | | ????????????????????# ?????###### ##??? | | ????????????????????# #???? | | ????????????????????# #???? | | ????????????????????####### # #???? | | ??????????????????????????## ##???? | | ???????????????????????????# % ## ##????? | | ?????????????????????????? % ##?###?????? | | ????????????????????????? #??????????? | | ?????????????????????????? # # #??????????? | | ?????????????????????????? ??????????? | | ???????????????????????????######### #??????????? | | ???????????????????????????????????# #??????????? | | ???????????????????????????????????# #??????????? | | ???????????????????????????????????# #??????????? | | ???????????????????????????????????# #??????????? | | ???????????????????????????????????? #??????????? | | ???????????????????????????????????? ???????????? | +----------------------------------------------------+ Best States ------------- Heat Dissipation 25 Energy Generation 10 Energy Capacity 250 Matter Stores 300 Matter Capacity 300 Sight Range 16 Terrain Scan Range 14 Terrain Scan Density 10 Evasion (%) 55 Targeting Accuracy 6 Item Schematics ----------------- None Robot Schematics ------------------ None Fabricated ------------ Nothing Alien Tech Used ----------------- None Achievements -------------- None Challenges ------------ None Game ------ Seed UltimateMetafieldMallet Manual? 0 Play Time 00:08:03 Cumulative 74.8 hours Start 2022.07.11 @ 09:54:46 End 2022.07.11 @ 10:01:18 Sessions 1 Manual Loads 0 Difficulty Rogue Special Mode None Game No. 113 Rogue 113 Adventurer 0 Explorer 0 Win Type - Total 1 Types 1/0/0/0/0/0/0/0/0 Lore% 40 Gallery% 44 Achievement% 37 Wizard Run 0 Options --------- ASCII 0 Keyboard 1 Movement Vi Keybinds 1 Fullscreen 1 Font 24/Smallcaps Map View 76x50 Tactical HUD 1 Map Filters NONE Filters NONE Steam 1 RUN: a87f2340-10c4-4b07-b83b-a4a288ca522f